 Dungeon Crawl Stone Soup version 0.19.1-1-g22dce08 (console) character file.

21843 Kloppie the Carver (level 12, -3/116 HPs)
             Began as a Pale Draconian Berserker on Jan 14, 2017.
             Was a High Priest of Trog.
             Slain by a six-headed hydra (7 damage)
             ... on level 2 of the Lair of Beasts.
             The game lasted 00:17:38 (11817 turns).

Kloppie the Carver (Pale Draconian Berserker)      Turns: 11817, Time: 00:17:38

Health: -3/116     AC:  9    Str: 20    XL:     12   Next: 57%
Magic:  12/12      EV: 22    Int: 13    God:    Trog [*****.]
Gold:   709        SH:  0    Dex: 16    Spells: 0 memorised, 11 levels left

rFire  . . .     SeeInvis .     a - +1 scimitar (flame)
rCold  + . .     Gourm    .     (armour unavailable)
rNeg   . . .     Faith    .     (no shield)
rPois  .         Spirit   .     (helmet restricted)
rElec  .         Reflect  .     J - +0 cloak
rCorr  .         Harm     .     (no gloves)
MR     .....                    (no boots)
Stlth  +.........               (no amulet)
                                F - ring of Piofeela {rC+ Int+4}
                                k - +4 ring of evasion

@: no status effects
A: breathe steam, unfitting armour, agile 1, cold-blooded, AC +8
a: Breathe Steam, Berserk, Trog's Hand, Brothers in Arms, Burn Spellbooks,
Renounce Religion


You were on level 2 of the Lair of Beasts.
You worshipped Trog.
Trog was extremely pleased with you.
You were not hungry.

You visited 2 branches of the dungeon, and saw 13 of its levels.
You visited the Abyss 1 time.

You collected 709 gold pieces.

Inventory:

Hand Weapons
 a - a +1 scimitar of flaming (weapon)
 b - a +3 demon blade of electrocution
 l - a +6 great sword of electrocution
Armour
 J - a +0 cloak (worn)
Jewellery
 d - a +4 ring of protection
 i - an uncursed ring of ice
 k - a +4 ring of evasion (left hand)
 p - an uncursed ring of fire
 F - the ring of Piofeela (right hand) {rC+ Int+4}
   (You found it on level 1 of the Lair of Beasts)

   [ring of protection from cold]

   It affects your intelligence (+4).
   It protects you from cold.
 H - an uncursed ring of protection from cold
Wands
 w - a wand of digging (3/24)
 B - a wand of disintegration (11/24)
Scrolls
 c - 2 scrolls of enchant weapon
 e - 4 scrolls of magic mapping
 f - 7 scrolls of teleportation
 g - 3 scrolls of enchant armour
 j - 3 scrolls of fog
 m - 2 scrolls of blinking {unknown}
 n - a scroll of acquirement {unknown}
 r - a scroll of vulnerability {unknown}
 s - 2 scrolls of remove curse
 t - 5 scrolls of noise
 A - a scroll of fear {unknown}
Potions
 h - 5 potions of flight
 q - 2 potions of agility
 x - a potion of haste
 z - a potion of invisibility
 D - 2 potions of curing
 E - a potion of magic {unknown}
 G - 2 potions of heal wounds
Comestibles
 o - a slice of pizza
 u - 2 chunks of flesh
 v - a meat ration
 K - 10 bread rations


   Skills:
 + Level 13.8 Fighting
 - Level 14.2 Long Blades
 - Level 8.8 Dodging


You had 11 spell levels left.
You didn't know any spells.

Dungeon Overview and Level Annotations

Branches:
Dungeon (11/15)            Temple (0/1) D:4            Lair (2/6) D:11
  Swamp (0/4) Lair:2          Orc (0/2) D:10
  Snake: Lair:2-4    Spider: Lair:2-4

Altars:
Fedhas
Gozag
Hepliaklqana
Trog
Xom
The Shining One
Jiyva

Shops:
D:9 *


Innate Abilities, Weirdness & Mutations

You can breathe blasts of scalding, opaque steam.
Your pale cyan-grey scales are hard. (AC +8)
You cannot fit into any form of body armour.
You are cold-blooded and may be slowed by cold attacks.
You are agile. (Dex +2)


Message History

The seven-headed hydra bites you!
* * * LOW HITPOINT WARNING * * *
The seven-headed hydra barely misses you.
The seven-headed hydra bites you!
* * * LOW HITPOINT WARNING * * *
The seven-headed hydra bites you.
* * * LOW HITPOINT WARNING * * *
The seven-headed hydra bites you but does no damage.
The seven-headed hydra closely misses you.
You hack one of the seven-headed hydra's heads off!
The flame cauterises the wound!
You slash the six-headed hydra! You burn the six-headed hydra!
You tail-slap the six-headed hydra.
The six-headed hydra is heavily wounded.
The six-headed hydra barely misses you.
The six-headed hydra closely misses you.
The six-headed hydra barely misses you. The six-headed hydra bites you!
* * * LOW HITPOINT WARNING * * *
The six-headed hydra bites you but does no damage.
The six-headed hydra bites you!
You die...

######.....#
...........#
.P..#......##### #
###.#..#.....#P# .##
#.##≈.♣......<.### #...
♣.♣≈≈≈♣..#.....#.###....
.♣§≈≈≈§♣≈.#....#..#(...#
≈♣§§§§≈♣♣..##..........#
≈≈§§§§§≈≈≈......@.###.
≈≈≈§§§§♣♣♣......D.##
≈♣♣§§§≈♣$.#........# #≈
≈≈♣........##.PP## #
#≈###..............###.#
## #.....#....#P....#
......##....PP....#.
......##............
...##.........##.###


You could see a six-headed hydra.

Vanquished Creatures
  Fannar (Lair:2)
  Erolcha (D:10)
  3 hydras
  Erica (D:8)
  Nergalle (D:10)
  Sonja (Lair:1)
  2 hill giants
  An oklob plant (D:11)
  An ugly thing (D:11)
  Joseph (D:8)
  A black mamba (Lair:2)
  Maurice (D:9)
  Psyche (D:10)
  3 spiny frogs
  The ghost of baruk the Magician, a novice DrTm (D:4)
  A centaur skeleton (D:11)
  3 two-headed ogres
  A hornet (D:11)
  6 blink frogs (Lair:1)
  Grinder (D:3)
  3 hippogriffs
  A slime creature (D:11)
  A spriggan (D:8)
  A vampire (D:9)
  A wyvern (D:9)
  15 yaks
  A basilisk (Lair:2)
  2 mottled dragons
  A hungry ghost (D:10)
  3 water moccasins
  4 porcupines
  3 black bears
  2 sky beasts
  4 orc warriors
  5 ice beasts
  6 ogres
  A necrophage (D:11)
  An eye of draining (D:11)
  2 phantoms
  2 centaurs
  3 crocodiles (Lair:1)
  2 big kobolds
  A gnoll sergeant (D:7)
  4 bullfrogs
  A water moccasin skeleton (D:6)
  3 scorpions
  9 killer bees (D:7)
  7 howler monkeys
  An electric eel (Lair:2)
  7 crimson imps
  6 jellies
  2 quasits
  5 orc priests
  7 hounds
  9 orc wizards
  A bullfrog skeleton (D:8)
  2 iguanas
  5 worker ants
  8 hound skeletons
  A howler monkey zombie (D:7)
  2 worker ant zombies
  13 adders
  9 gnolls
  A shadow imp (D:7)
  3 oozes
  2 adder zombies
  4 worms
  3 dart slugs
  7 leopard geckos
  39 orcs
  2 ball pythons
  5 giant cockroaches
  9 goblins
  10 hobgoblins
  15 jackals
  19 kobolds
  4 quokkas
  6 bats
  12 frilled lizards
  A leopard gecko zombie (D:5)
  A quokka zombie (D:8)
  5 rats
  A plant (D:11)
348 creatures vanquished.

Vanquished Creatures (others)
  A plant (Lair:2)
1 creature vanquished.

Grand Total: 349 creatures vanquished

Notes
Turn   | Place    | Note
-------+----------+-------------------------------------------
     0 | D:1      | Kloppie the Draconian Berserker began the quest for the Orb.
     0 | D:1      | Reached XP level 1. HP: 19/19 MP: 1/1
   115 | D:1      | Reached XP level 2. HP: 26/26 MP: 2/2
   324 | D:1      | Reached ** piety under Trog
   325 | D:1      | Reached XP level 3. HP: 23/33 MP: 3/3
   940 | D:2      | Reached skill level 4 in Long Blades
   988 | D:2      | Reached XP level 4. HP: 41/41 MP: 4/4
  1626 | D:3      | Found a blossoming altar of Fedhas.
  1626 | D:3      | Noticed Grinder
  1639 | D:3      | Killed Grinder
  1639 | D:3      | Reached *** piety under Trog
  1639 | D:3      | Reached skill level 5 in Fighting
  1639 | D:3      | Reached skill level 5 in Long Blades
  1639 | D:3      | Reached XP level 5. HP: 50/50 MP: 5/5
  1639 | D:3      | Reached XP level 6. HP: 57/57 MP: 6/6
  2240 | D:4      | Reached skill level 6 in Long Blades
  2240 | D:4      | Your scales start taking on a pale cyan-grey colour.
  2240 | D:4      | Reached XP level 7. HP: 63/64 MP: 7/7
  2412 | D:4      | Noticed baruk's ghost (novice DrTm)
  2594 | D:4      | Reached **** piety under Trog
  2629 | D:4      | Found a staircase to the Ecumenical Temple.
  2828 | D:4      | Found a glowing golden altar of the Shining One.
  3201 | D:4      | Killed baruk's ghost
  3201 | D:4      | Reached skill level 7 in Long Blades
  3201 | D:4      | Reached XP level 8. HP: 74/74 MP: 8/8
  3563 | D:5      | Entered Level 5 of the Dungeon
  3884 | D:5      | Reached skill level 8 in Long Blades
  3918 | D:5      | Found an opulent altar of Gozag.
  3939 | D:5      | Found a shimmering altar of Xom.
  3963 | D:5      | Found a faded altar of an unknown god.
  3963 | D:5      | Found a hazy altar of Hepliaklqana.
  3968 | D:5      | Found a faded altar of an unknown god.
  3970 | D:5      | Found a faded altar of an unknown god.
  3972 | D:5      | Found a faded altar of an unknown god.
  4549 | D:6      | Found a bloodstained altar of Trog.
  4763 | D:6      | Reached XP level 9. HP: 70/84 MP: 9/9
  4913 | D:6      | Reached skill level 9 in Long Blades
  5568 | D:7      | Found a glowing golden altar of the Shining One.
  6032 | D:7      | Reached skill level 5 in Dodging
  6063 | D:7      | Reached skill level 10 in Long Blades
  6430 | D:7      | Gained mutation: You are agile. (Dex +2) [potion of beneficial mutation]
  6788 | D:8      | Reached ***** piety under Trog
  6880 | D:8      | Reached XP level 10. HP: 49/91 MP: 10/10
  7120 | D:8      | Noticed Erica
  7137 | D:8      | Killed Erica
  7137 | D:8      | Reached skill level 11 in Long Blades
  7271 | D:8      | Noticed Joseph
  7280 | D:8      | Killed Joseph
  7680 | D:9      | Received a gift from Trog
  8048 | D:9      | Noticed Maurice
  8061 | D:9      | Killed Maurice
  8129 | D:9      | Found Biequr Kaig's Changing Room.
  8385 | D:10     | Entered Level 10 of the Dungeon
  8452 | D:10     | Noticed Erolcha
  8464 | D:10     | Killed Erolcha
  8464 | D:10     | Reached skill level 12 in Long Blades
  8516 | D:9      | Reached XP level 11. HP: 84/97 MP: 11/11
  8678 | D:10     | Noticed Psyche
  8685 | D:10     | Killed Psyche
  8718 | D:10     | Found a staircase to the Orcish Mines.
  8727 | D:10     | Noticed a hill giant
  8751 | D:10     | Killed a hill giant
  9119 | D:10     | Noticed Nergalle
  9132 | D:10     | Killed Nergalle
  9132 | D:10     | Reached skill level 13 in Long Blades
  9241 | D:11     | Noticed an oklob plant
  9536 | D:11     | Found a staircase to the Lair.
  9579 | D:11     | Noticed a hill giant
  9589 | D:11     | Killed a hill giant
  9759 | D:11     | Reached skill level 14 in Long Blades
  9815 | D:11     | Received a gift from Trog
  9961 | D:11     | Noticed a green ugly thing
  9968 | D:11     | Killed a green ugly thing
  9970 | D:11     | Reached skill level 10 in Fighting
 10038 | D:11     | Found a viscous altar of Jiyva.
 10043 | D:11     | Noticed a six-headed hydra
 10054 | D:11     | Killed a one-headed hydra
 10281 | D:11     | Killed an oklob plant
 10405 | Lair:1   | Entered Level 1 of the Lair of Beasts
 10536 | Lair:1   | Reached XP level 12. HP: 110/110 MP: 12/12
 10664 | Lair:1   | Noticed a seven-headed hydra
 10678 | Lair:1   | Killed a three-headed hydra
 10780 | Lair:1   | Noticed Sonja
 10801 | Lair:1   | Cast into level 1 of the Abyss (Sonja)
 10852 | Lair:1   | Escaped the Abyss
 10855 | Lair:1   | Noticed a seven-headed hydra
 10860 | Lair:1   | Killed a 13-headed hydra
 11225 | Lair:1   | Killed Sonja
 11258 | Lair:1   | Got an ancient tin ring
 11268 | Lair:1   | Identified the ring of Piofeela {rC+ Int+4} (You found it on level 1 of the Lair of Beasts)
 11613 | Lair:2   | Noticed Fannar
 11632 | Lair:2   | Killed Fannar
 11699 | Lair:2   | Found a staircase to the Swamp.
 11800 | Lair:2   | Noticed an eight-headed hydra
 11817 | Lair:2   | HP: 4/116 [six-headed hydra (17)]
 11817 | Lair:2   | Slain by a six-headed hydra

Skill      XL: |  1  2  3  4  5  6  7  8  9 10 11 12 |
---------------+-------------------------------------+-----
Fighting       | 4 5 6 8 9 11 13 | 13.8
Long Blades    | 4 5 6 7 8 10 12 14 | 14.2
Dodging        | 3 6 8 |  8.8

Action                   |  1- 3 |  4- 6 |  7- 9 | 10-12 || total
-------------------------+-------+-------+-------+-------++-------
Melee: Falchion          |   120 |   142 |   512 |    22 ||   796
       Tailslap          |    20 |    18 |    94 |   105 ||   237
       Scimitar          |       |       |       |   333 ||   333
       Demon blade       |       |       |       |   154 ||   154
Invok: Berserk           |     2 |     4 |     8 |    10 ||    24
       Trog's Hand       |       |     1 |       |     4 ||     5
       Brothers in Arms  |       |       |       |     1 ||     1
 Abil: Breathe Steam     |       |       |     5 |     2 ||     7
  Use: Scroll            |       |       |     6 |     6 ||    12
       Potion            |       |       |     7 |     2 ||     9
 Stab: Sleeping          |     1 |       |     2 |     1 ||     4
       Distracted        |       |       |     1 |       ||     1
  Eat: Chunk             |     2 |     8 |    15 |    21 ||    46
       Bread ration      |       |       |     1 |     1 ||     2
       Meat ration       |       |       |     1 |     1 ||     2
Armor: Skin              |    39 |    33 |   129 |    94 ||   295
Dodge: Dodged            |    74 |   102 |   410 |   450 ||  1036
       Rpst.: Falchion   |    22 |    32 |   114 |     6 ||   174
       Scimitar          |       |       |       |    86 ||    86
       Demon blade       |       |       |       |    29 ||    29
